 Dungeon Crawl Stone Soup version 0.22-a0-252-gcace5d2 (webtiles) character file.

697 4thArraOfDagon the Twirler (level 7, 0/55 HPs)
             Began as a Demigod Gladiator on Mar 3, 2018.
             Slain by a basilisk (5 damage)
             ... on level 6 of the Dungeon.
             The game lasted 00:05:15 (2714 turns).

4thArraOfDagon the Twirler (Demigod Gladiator)      Turns: 2714, Time: 00:05:16

Health: 0/55       AC: 15    Str: 19 (22) XL:     7   Next: 15%
Magic:  9/9        EV:  8    Int: 14 (16) God:
Gold:   183        SH:  0    Dex: 14 (17) Spells: 6/6 levels left

rFire    . . .     SeeInvis .   a - +0 quarterstaff
rCold    . . .     Gourm    .   (shield currently unavailable)
rNeg     . . .     Faith    .   j - +0 chain mail
rPois    .         Spirit   .   n - +2 helmet
rElec    .         Reflect  .   (no cloak)
rCorr    .         Harm     .   x - +0 pair of gloves (curse)
MR       .....                  (no boots)
Stlth    ..........             (no amulet)
HPRegen  0.18/turn              o - +3 ring of protection
MPRegen  0.11/turn              q - +5 ring of strength

@: no status effects
A: high mp 1
a: no special abilities


You were on level 6 of the Dungeon.
You were hungry.

You visited 1 branch of the dungeon, and saw 6 of its levels.

You collected 183 gold pieces.

Inventory:

Hand Weapons
 a - a +0 quarterstaff (weapon)
Missiles
 d - 2 throwing nets (quivered)
Armour
 c - a +0 helmet
 j - a +0 chain mail (worn)
 n - a +2 helmet (worn)
 x - a cursed +0 pair of gloves (worn)
Jewellery
 o - a +3 ring of protection (left hand)
 q - a +5 ring of strength (right hand)
Scrolls
 b - a scroll of fear {unknown}
 g - a scroll of blinking {unknown}
 h - a scroll of teleportation {unknown}
 i - 2 scrolls of amnesia {unknown}
 l - a scroll of enchant armour {unknown}
 m - 6 scrolls of identify {unknown}
 p - 2 scrolls of remove curse {unknown}
 u - a scroll of immolation {unknown}
 w - a scroll of torment {unknown}
 y - a scroll of magic mapping {unknown}
Potions
 e - a potion of heal wounds {unknown}
 k - a potion of lignification {unknown}
 r - a potion of degeneration
 t - a potion of berserk rage {unknown}
 v - a potion of agility {unknown}
Comestibles
 f - 8 rations


   Skills:
 - Level 2.0 Fighting
 * Level 7.8 Staves
 - Level 1.7 Throwing
 - Level 3.0 Dodging


You had 6 spell levels left.
You didn't know any spells.

Dungeon Overview and Level Annotations

Branches:
Dungeon (6/15)             Temple (0/1) D:6

Shops:
D:5 =

Annotations:
D:4 Blork the orc; anet's ghost, novice GnMo


Innate Abilities, Weirdness & Mutations

You have an increased reservoir of magic. (+10% MP)


Message History

The basilisk completely misses you.
Unknown command.
Unknown command.
You closely miss the basilisk.
The basilisk is severely wounded.
The basilisk bites you!
You hit the basilisk but do no damage.
The basilisk is severely wounded.
The basilisk bites you!
* * * LOW HITPOINT WARNING * * *
You hit the basilisk.
The basilisk is almost dead.
The basilisk bites you.
* * * LOW HITPOINT WARNING * * *
Unknown command.
It was a potion of degeneration.
There was something very wrong with that liquid.
You feel weakened.
You feel dopey.
You feel clumsy. The basilisk bites you.
You die...

#.# ## #........... ..#
###...#.#### ###
##....#### # ...
#.#.....< ##### ... ##
#.##.##.. ....# ..# #.
#.##.##.. ###.#####+#.#
.# #.##.....
#.....#.....# ####.##
#.####...
#.#.#.#.....###.@l5.#
#.# #.##
#.#.#.#.....#...#######
#.# #.#
#.#.#..................
..# #.
#...#......############
### #####......#
#####......#
.......##'## #
####.####.###.# .....#
#...^.#


You could see a basilisk and a quasit.

Vanquished Creatures
  Grinder (D:3)
  A phantom (D:5)
  An ogre (D:6)
  A centaur (D:5)
  A howler monkey (D:5)
  A crimson imp (D:6)
  A centaur skeleton (D:5)
  5 adders
  A shadow imp (D:6)
  2 worms (D:3)
  2 dart slugs (D:1)
  8 leopard geckos
  3 orcs
  A ball python (D:2)
  4 bats
  3 giant cockroaches
  6 goblins
  8 hobgoblins
  A quokka (D:2)
  2 frilled lizards
  A jackal skeleton (D:4)
  9 kobolds
  A leopard gecko zombie (D:5)
  A quokka zombie (D:5)
  8 rats
73 creatures vanquished.

Notes
Turn   | Place    | Note
-------+----------+-------------------------------------------
     0 | D:1      | 4thArraOfDagon the Demigod Gladiator began the quest for the Orb.
     0 | D:1      | Reached XP level 1. HP: 17/17 MP: 3/3
   217 | D:1      | Reached skill level 3 in Staves
   339 | D:1      | Reached XP level 2. HP: 21/24 MP: 4/4
   751 | D:2      | Reached XP level 3. HP: 24/29 MP: 5/5
  1042 | D:2      | Reached skill level 4 in Staves
  1219 | D:3      | Found a glowing silver altar of Zin.
  1220 | D:3      | Noticed an angel
  1405 | D:3      | Found an opulent altar of Gozag.
  1538 | D:3      | Reached XP level 4. HP: 36/36 MP: 6/6
  1618 | D:3      | Noticed Grinder
  1621 | D:3      | Paralysed by Grinder for 2 turns
  1624 | D:3      | Killed Grinder
  1624 | D:3      | Reached skill level 6 in Staves
  1624 | D:3      | Reached XP level 5. HP: 30/41 MP: 7/7
  1867 | D:4      | Noticed Blork the orc
  1951 | D:4      | Noticed anet's ghost (novice GnMo)
  1953 | D:5      | Entered Level 5 of the Dungeon
  1980 | D:5      | Reached XP level 6. HP: 48/48 MP: 8/8
  2160 | D:5      | Found Monkey's Jewellery Shoppe.
  2178 | D:5      | Reached skill level 7 in Staves
  2464 | D:6      | Reached XP level 7. HP: 55/55 MP: 9/9
  2493 | D:6      | Found a staircase to the Ecumenical Temple.
  2690 | D:6      | Noticed a basilisk
  2714 | D:6      | Slain by a basilisk

Vault maps used:
D:1:      mushboom_english_gardens
D:2:      minmay_misc_feat_x, kennysheep_pointless_box
D:3:      zin_angel, grunt_gozag_breadcrumbs, uniq_grinder
D:4:      kennysheep_six_static_rooms, first_ration, uniq_blork_the_orc
D:5:      serial_shops, shop
D:6:      minmay_cornered_nines, temple_statues, uniq_sigmund

Skill      XL: |  1  2  3  4  5  6 |
---------------+-------------------+-----
Staves         | 3 4 6 7 |  7.8
Fighting       | 2 |  2.0
Dodging        | 3 |  3.0
Throwing       | |  1.7

Action                   |  1- 3 |  4- 6 |  7- 9 || total
-------------------------+-------+-------+-------++-------
Melee: Quarterstaff      |   141 |    90 |    16 ||   247
Throw: Throwing net      |       |     1 |       ||     1
Evoke: Wand              |       |     4 |     5 ||     9
  Use: Potion            |       |       |     1 ||     1
  Eat: Chunk             |     2 |     3 |       ||     5
Armor: Chain mail        |    77 |    45 |     7 ||   129
       Leather armour    |     5 |       |       ||     5
Dodge: Dodged            |    44 |    34 |     4 ||    82

Table legend:
 A = Spawn XP
 B = Non-spawn XP
 C = Spawn XP percentage of total XP
 D = Spawn monster count
 E = Non-spawn monster count
 F = Spawn count percentage of total count
 G = Total turns spent on level
                    A         B        C        D         E        F      G
               +---------+---------+-------+---------+---------+-------+---------
         Total |       0 |     996 |   0.0 |       0 |      73 |   0.0 |  2714
               +---------+---------+-------+---------+---------+-------+---------
           D:1 |       0 |      38 |   0.0 |       0 |      21 |   0.0 |   623
           D:2 |       0 |      39 |   0.0 |       0 |      15 |   0.0 |   577
           D:3 |       0 |     343 |   0.0 |       0 |      17 |   0.0 |   575
           D:4 |       0 |      23 |   0.0 |       0 |       5 |   0.0 |   178
           D:5 |       0 |     367 |   0.0 |       0 |      10 |   0.0 |   402
           D:6 |       0 |     186 |   0.0 |       0 |       5 |   0.0 |   359
               +---------+---------+-------+---------+---------+-------+---------
